 Dungeon Crawl Stone Soup version 0.21.1-72-gffa868e0fe (webtiles) character file.

6885 SacredBeard the Basher (level 11, -11/86 (87) HPs)
             Began as a Human Fighter on Aug 3, 2018.
             Was a Priest of Trog.
             Mangled by a wyvern (12 damage)
             ... on level 8 of the Dungeon.
             The game lasted 00:45:49 (5413 turns).

SacredBeard the Basher (Human Fighter)              Turns: 5413, Time: 00:45:50

HP:   -11/86 (87)   AC: 19    Str: 16    XL:     11   Next: 27%
MP:   11/11         EV:  9    Int: 13    God:    Trog [***...]
Gold: 282           SH: 11    Dex: 16    Spells: 10/10 levels left

rFire    . . .     SeeInvis .   y - +1 whip (freeze)
rCold    . . .     Gourm    .   c - +0 shield
rNeg     + . .     Faith    +   s - +2 chain mail of the Monk {Regen+ rCorr Int+4}
rPois    .         Spirit   .   d - +2 hat
rElec    .         Reflect  .   x - +0 cloak
rCorr    +         Harm     .   u - +1 pair of gloves
MR       .....                  g - +0 pair of boots
Stlth    ..........             e - amulet of faith
HPRegen  0.64/turn              o - ring of flight
MPRegen  0.12/turn              r - ring of positive energy (curse)

@: about to teleport, berserk cooldown, very slightly contaminated
A: no striking features
a: Berserk, Trog's Hand, Burn Spellbooks, Renounce Religion, Evoke Flight


You were on level 8 of the Dungeon.
You worshipped Trog.
Trog was most pleased with you.
You were hungry.

You visited 1 branch of the dungeon, and saw 9 of its levels.

You collected 412 gold pieces.
You spent 130 gold pieces at shops.

Inventory:

Hand Weapons
 a - a +0 flail
 y - a +1 whip of freezing (weapon)
Armour
 c - a +0 shield (worn)
 d - a +2 hat (worn)
 g - a +0 pair of boots (worn)
 s - the +2 chain mail of the Monk (worn) {Regen+ rCorr Int+4}
   (You found it on level 4 of the Dungeon)

   It affects your intelligence (+4).
   It increases your rate of regeneration.
   It protects you from acid and corrosion.
 u - a +1 pair of gloves (worn)
 x - a +0 cloak (worn)
Jewellery
 e - an amulet of faith (around neck)
 o - a ring of flight (left hand)
 r - a cursed ring of positive energy (right hand)
Wands
 l - a wand of polymorph (7)
 w - a wand of acid (4)
 D - a wand of digging (20)
Scrolls
 i - 5 scrolls of identify
 j - 3 scrolls of amnesia
 k - 7 scrolls of teleportation
 q - 2 scrolls of remove curse {unknown}
 v - a scroll of enchant weapon {unknown}
 B - 3 scrolls of vulnerability {unknown}
 C - a scroll of magic mapping {unknown}
Potions
 p - 2 potions of flight
Comestibles
 f - 16 rations
 n - 11 chunks of flesh


   Skills:
 + Level 8.4 Fighting
 + Level 9.0 Maces & Flails
 + Level 6.8 Armour
 * Level 6.3 Dodging
 + Level 8.3 Shields


You had 10 spell levels left.
You didn't know any spells.

Dungeon Overview and Level Annotations

Branches:
Dungeon (9/15)             Temple (0/1) D:4
   Lair: D:8-11         Orc: D:9-12

Altars:
Ashenzari
Cheibriados
Nemelex Xobeh
Okawaru
Trog

Shops:
D:5 }(%(:


Message History

The hound bites you but does no damage. You block the wyvern's attack.
You block the hound's attack. x2; The wyvern barely misses you.
As you read the scroll labeled DYTAAH QIRAM, it crumbles to dust.
It is a scroll of identify.
j - 3 scrolls of amnesia The hound bites you but does no damage.
The wyvern bites you but does no damage.
As you read the scroll labeled SYJEDI YSTIKK, it crumbles to dust.
You feel strangely unstable.
It was a scroll of teleportation.
The wyvern bites you!
* * * LOW HITPOINT WARNING * * *
The hound closely misses you. The orc barely misses you.
The hound barely misses you. The wyvern closely misses you.
The orc hits you but does no damage.
As you read the scroll labeled JAYFASAUME, it crumbles to dust.
The scroll dissolves into smoke.
It was a scroll of fog.
You block the hippogriff's attack. The hippogriff closely misses you.
The hippogriff claws you but does no damage.
The wyvern bites you!
You die...

#.######..#.#.###...### #.#
###.......#....... #.#
#......#..#.#..###.
##.####.#....#...........
#............#....)......
##.##........#.).....#.#
#...o..o.....#)#.........
####.###.##..##§§§.)...........
.............ooo@§§........#.#.
#.##..##.....o.Hlh.............
#.##.(##.....o.o.(........##.#.
#.##..##.<...###o..##.....# .#
................h.........# #
............................
.........................#..
#.##..##....####............
#.##).##...........##...


You could see a hippogriff (inner flame), a black bear (inner flame), a wyvern
(inner flame), a hound (inner flame) and 8 orcs.

Vanquished Creatures
  3 two-headed ogres
  Pikel (D:6)
  Joseph (D:8)
  The ghost of SacredBeard the Skirmisher, an amateur HuFi (D:4)
  The ghost of Osmon the Shooter, an amateur CeHu (D:3)
  A hippogriff (D:9)
  7 yaks
  Eustachio (D:6)
  Grum (D:9)
  An eye of draining (D:9)
  An ice beast (D:4)
  2 phantoms
  A necrophage (D:6)
  3 centaurs
  3 wolves (D:9)
  A crocodile (D:8)
  A bullfrog (D:8)
  A scorpion (D:6)
  3 wights
  2 howler monkeys
  2 crimson imps
  A jelly (D:6)
  A centaur zombie (D:6)
  A bullfrog skeleton (D:5)
  A gnoll shaman (D:5)
  4 hounds
  A centaur skeleton (D:8)
  2 orc wizards
  Ijyb (D:4)
  An iguana (D:5)
  9 worker ants
  A hound zombie (D:8)
  A hound skeleton (D:7)
  14 gnolls
  2 howler monkey skeletons
  7 adders
  An ooze (D:1)
  2 adder skeletons
  An adder zombie (D:9)
  A worm (D:3)
  5 dart slugs
  4 leopard geckos
  18 orcs
  4 giant cockroaches
  11 goblins
  7 hobgoblins
  6 jackals
  5 quokkas
  A ball python (D:4)
  2 bats
  2 frilled lizards
  4 kobolds
  4 rats
163 creatures vanquished.

Vanquished Creatures (others)
  2 slaves (D:6)
  A phantom (D:6)
  A centaur zombie (D:6)
  A crimson imp (D:6)
  An orc wizard (D:6)
  An orc (D:6)
  4 jackals (D:6)
11 creatures vanquished.

Grand Total: 174 creatures vanquished

Notes
Turn   | Place    | Note
-------+----------+-------------------------------------------
     0 | D:1      | SacredBeard the Human Fighter began the quest for the Orb.
     0 | D:1      | Reached XP level 1. HP: 18/18 MP: 1/1
    17 | D:1      | Reached XP level 2. HP: 21/24 MP: 2/2
   309 | D:1      | Reached skill level 1 in Dodging
   309 | D:1      | Reached XP level 3. HP: 23/29 MP: 3/3
   425 | D:1      | Reached skill level 3 in Maces & Flails
   711 | D:2      | Reached XP level 4. HP: 35/35 MP: 4/4
  1112 | D:2      | HP: 1/35 [orc/flail (5)]
  1462 | D:3      | Reached XP level 5. HP: 41/41 MP: 5/5
  1638 | D:3      | Reached skill level 4 in Maces & Flails
  1806 | D:3      | Noticed Osmon's ghost (amateur CeHu)
  1816 | D:3      | Killed Osmon's ghost
  1816 | D:3      | Reached skill level 5 in Maces & Flails
  1816 | D:3      | Reached XP level 6. HP: 38/48 MP: 6/6
  2217 | D:3      | Found a bloodstained altar of Trog.
  2221 | D:3      | Became a worshipper of Trog the Wrathful
  2394 | D:4      | Noticed an ice beast
  2402 | D:4      | Killed an ice beast
  2402 | D:4      | Reached skill level 6 in Maces & Flails
  2402 | D:4      | Reached XP level 7. HP: 46/54 MP: 7/7
  2585 | D:4      | Got an ichor-stained chain mail
  2596 | D:4      | Identified the +2 chain mail of the Monk {Regen+ rCorr Int+4} (You found it on level 4 of the Dungeon)
  2600 | D:4      | Noticed SacredBeard's ghost (amateur HuFi)
  2635 | D:4      | Killed SacredBeard's ghost
  2635 | D:4      | Reached skill level 7 in Maces & Flails
  2710 | D:4      | Reached XP level 8. HP: 54/61 MP: 8/8
  2795 | D:4      | Noticed Ijyb
  2811 | D:4      | Killed Ijyb
  2971 | D:4      | Found a staircase to the Ecumenical Temple.
  3141 | D:4      | Reached * piety under Trog
  3141 | D:4      | Reached skill level 5 in Fighting
  3480 | D:5      | Entered Level 5 of the Dungeon
  3483 | D:5      | Found Yporghiy's Weapon Boutique.
  3496 | D:5      | Found Debis's Food Boutique.
  3534 | D:5      | Bought a ration for 65 gold pieces
  3534 | D:5      | Bought a ration for 65 gold pieces
  3696 | D:5      | Found Ocwen's Gadget Shoppe.
  3833 | D:5      | Found Syvi's Book Emporium.
  3837 | D:5      | Found Kunasm's Weapon Shoppe.
  3907 | D:5      | Found a sparkling altar of Nemelex Xobeh.
  3976 | D:6      | Noticed a two-headed ogre
  3987 | D:6      | Killed a two-headed ogre
  3987 | D:6      | Reached skill level 5 in Shields
  3987 | D:6      | Reached XP level 9. HP: 67/71 MP: 9/9
  3993 | D:6      | Reached ** piety under Trog
  4050 | D:6      | Noticed Pikel
  4067 | D:6      | Killed Pikel
  4067 | D:6      | Reached skill level 5 in Armour
  4124 | D:6      | Found a shattered altar of Ashenzari.
  4361 | D:6      | Noticed Eustachio
  4406 | D:6      | Killed Eustachio
  4440 | D:6      | Found an iron altar of Okawaru.
  4615 | D:6      | Reached XP level 10. HP: 61/79 MP: 10/10
  4930 | D:7      | You fall through a shaft for 2 floors!
  4953 | D:9      | Noticed Grum
  4956 | D:9      | Reached skill level 5 in Dodging
  4961 | D:9      | Reached *** piety under Trog
  4980 | D:9      | Killed Grum
  5049 | D:9      | Noticed a manticore
  5050 | D:9      | Received a gift from Trog
  5064 | D:9      | Reached skill level 8 in Maces & Flails
  5256 | D:8      | Noticed Joseph
  5256 | D:8      | Noticed a two-headed ogre
  5269 | D:8      | Killed a two-headed ogre
  5269 | D:8      | Reached XP level 11. HP: 85/85 MP: 11/11
  5282 | D:8      | Killed Joseph
  5349 | D:8      | Found a snail-covered altar of Cheibriados.
  5359 | D:8      | Noticed a two-headed ogre
  5380 | D:8      | Killed a two-headed ogre
  5380 | D:8      | Reached skill level 9 in Maces & Flails
  5412 | D:8      | HP: 1/86 [wyvern (10)]
  5413 | D:8      | Mangled by a wyvern

Skill      XL: |  1  2  3  4  5  6  7  8  9 10 11 |
---------------+----------------------------------+-----
Dodging        | 1 2 3 4 5 6 |  6.3
Maces & Flails | 3 5 6 7 8 9 |  9.0
Fighting       | 4 6 7 8 |  8.4
Shields        | 5 6 7 8 |  8.3
Armour         | 4 5 6 |  6.8

Action                   |  1- 3 |  4- 6 |  7- 9 | 10-12 || total
-------------------------+-------+-------+-------+-------++-------
Melee: Flail             |    85 |   171 |   299 |       ||   555
       Whip              |       |       |    94 |   322 ||   416
       Unarmed           |       |       |    10 |       ||    10
Invok: Berserk           |       |       |     4 |     5 ||     9
       Burn Spellbooks   |       |       |     1 |       ||     1
  Use: Potion            |       |     5 |     1 |     3 ||     9
       Scroll            |       |       |       |     5 ||     5
  Eat: Chunk             |       |     5 |    11 |     7 ||    23
Armor: Scale mail        |    37 |    92 |     8 |       ||   137
       Chain mail        |       |       |   237 |   111 ||   348
Dodge: Dodged            |    17 |    58 |   115 |    90 ||   280
Block: Shield            |    38 |    76 |   206 |   157 ||   477
